[Event "Titled Tuesday Blitz May 4 2021"]
[White "Vovk, Orest"]
[Black "Eynullayev, Altay"]
[WhiteFideId "14113490"]
[BlackFideId "13413562"]
[WhiteElo "2203"]
[BlackElo "2079"]
[Result "0-1"]
[Round "10"]
[TimeControl "180+1"]
[Date "2021.05.04"]
[WhiteClock "0:00:08"]
[BlackClock "0:00:03"]

1. h3 d5 2. e4 dxe4 3. Nc3 Nf6 4. Qe2 Bf5 5. Qb5+ Bd7 6. Qxb7 Nc6 7. Bb5 Rb8 8. Qxc6 Bxc6 9. Bxc6+ Nd7 10. Nxe4 Rb6 11. Ba4 Re6 12. d3 c6 13. Ne2 Qa5+ 14. N2c3 Nc5 15. b4 Qxb4 16. Bd2 Nxa4 17. Rb1 Qxc3 18. Rb8+ Kd7 19. Bxc3 Nxc3 20. O-O Nxe4 21. dxe4 g6 22. Rb7+ Kd6 23. f3 Bg7 24. Rd1+ Kc5 25. Rxa7 Rd6 26. Rb1 Re8 27. Ra5+ Kd4 28. Rb3 Red8 29. Kf2 Bh6 30. Ke2 c5 31. c3+ Ke5 32. Rxc5+ Ke6 33. Rd5 Rxd5 34. exd5+ Rxd5 35. Rb2 Ra5 36. g3 Bg5 37. f4 Bf6 38. Kd3 h5 39. Re2+ Kd7 40. g4 Rd5+ 41. Kc4 Rd6 42. Re3 hxg4 43. hxg4 g5 44. fxg5 Bxg5 45. Rf3 f6 46. a4 Kc6 47. Kb4 Rd8 48. a5 Rb8+ 49. Kc4 Ra8 50. Rf5 e6 51. Rc5+ Kd6 52. Kb5 Bh6 53. Rc6+ Kd7 54. c4 Be3 55. c5 Rb8+ 56. Rb6 Rc8 57. a6 Rxc5+ 58. Kb4 Rc4+ 59. Kxc4 Bxb6 60. Kb5 Bf2 61. Kc4 Kc6 62. Kd3 Kb6 63. g5 fxg5 64. Ke2 Bd4 65. Kf3 Be5 66. Kg4 Bf4 0-1


[Site "https://www.chess.com"]

[Event "Titled Tuesday Blitz May 4 2021"]
[White "Wagner, Dennis"]
[Black "Priyanka, K"]
[WhiteFideId "24650684"]
[BlackFideId "5082986"]
[WhiteElo "2355"]
[BlackElo "1893"]
[Result "1-0"]
[Round "10"]
[TimeControl "180+1"]
[Date "2021.05.04"]
[WhiteClock "0:01:15"]
[BlackClock "0:00:08"]

1. e4 c5 2. Nf3 d6 3. Bb5+ Nd7 4. O-O a6 5. Bxd7+ Bxd7 6. c3 Nf6 7. Re1 e6 8. d4 cxd4 9. cxd4 Be7 10. Nc3 O-O 11. e5 Ne8 12. d5 dxe5 13. Nxe5 exd5 14. Nxd5 Be6 15. Nxe7+ Qxe7 16. Qf3 Rd8 17. Bf4 Nd6 18. Rac1 Qf6 19. b3 h6 20. Rc7 Rc8 21. Nd7 Bxd7 22. Rxd7 Rfd8 23. Rxd6 Rxd6 24. Bxd6 Qxd6 25. Qxb7 Rc2 26. g3 Qd2 27. Re8+ Kh7 28. Qxf7 Rc1+ 29. Kg2 Qd3 30. Qg8+ Kg6 31. Re6+ Kh5 32. Qf7+ g6 33. Re5+ Kg4 34. h3# 1-0


[Site "https://www.chess.com"]

[Event "Titled Tuesday Blitz May 4 2021"]
[White "WelshTiger"]
[Black "tylityli"]
[WhiteElo "2449"]
[BlackElo "2350"]
[Result "0-1"]
[Round "10"]
[TimeControl "180+1"]
[Date "2021.05.04"]
[WhiteClock "0:00:06"]
[BlackClock "0:00:53"]

1. d4 Nf6 2. Nf3 d5 3. Bf4 c5 4. e3 Nc6 5. Be2 a6 6. O-O Qb6 7. b3 Bf5 8. Nc3 cxd4 9. exd4 e6 10. Na4 Qa5 11. c4 Be7 12. c5 Qd8 13. Nb6 Ra7 14. Qe1 Nd7 15. Nxd7 Qxd7 16. b4 O-O 17. a4 Bf6 18. Qc3 Be4 19. b5 Nxd4 20. Nxd4 e5 21. Be3 exd4 22. Bxd4 Bxd4 23. Qxd4 Raa8 24. Rfc1 axb5 25. axb5 Rxa1 26. Rxa1 Rc8 27. Rc1 h6 28. Rd1 Qe7 29. Rc1 Bxg2 30. Kxg2 Qxe2 31. Qxd5 Qxb5 32. f3 Qb2+ 33. Kg3 Qxc1 0-1


[Site "https://www.chess.com"]

[Event "Titled Tuesday Blitz May 4 2021"]
[White "Wilson, Elvin"]
[Black "PattyCastillo"]
[WhiteFideId "2014874"]
[WhiteElo "2224"]
[BlackElo "2022"]
[Result "1-0"]
[Round "10"]
[TimeControl "180+1"]
[Date "2021.05.04"]
[WhiteClock "0:00:27"]
[BlackClock "0:00:29"]

1. c4 c6 2. g3 d5 3. Nf3 Nf6 4. Bg2 e6 5. O-O Nbd7 6. d4 Bd6 7. Nbd2 O-O 8. Qc2 Qe7 9. e4 dxe4 10. Nxe4 Nxe4 11. Qxe4 c5 12. b3 cxd4 13. Nxd4 Nf6 14. Qe2 a6 15. Bb2 e5 16. Rfe1 Bg4 17. Qc2 g6 18. Nf3 Bxf3 19. Bxf3 Qc7 20. Rad1 Rfe8 21. Re2 Rad8 22. Rde1 Nd7 23. h4 Nc5 24. h5 e4 25. hxg6 hxg6 26. Bxe4 Bxg3 27. Bd5 Bh2+ 28. Kg2 Rxe2 29. Qxg6+ Kf8 30. Bg7+ Ke7 31. Rxe2+ Ne6 32. Rxe6+ fxe6 33. Qxe6# 1-0


[Site "https://www.chess.com"]

[Event "Titled Tuesday Blitz May 4 2021"]
[White "Wisniowski, Natalie"]
[Black "Fernandez, Michael"]
[WhiteFideId "30929261"]
[BlackFideId "5803560"]
[WhiteElo "1702"]
[BlackElo "2110"]
[Result "0-1"]
[Round "10"]
[TimeControl "180+1"]
[Date "2021.05.04"]
[WhiteClock "0:00:03"]
[BlackClock "0:01:02"]

1. d4 b5 2. Nf3 Bb7 3. c3 e6 4. Bf4 Nf6 5. e3 b4 6. Nbd2 a5 7. Bd3 c5 8. O-O Nc6 9. Ne5 d6 10. Nxc6 Bxc6 11. Rc1 Be7 12. e4 O-O 13. Re1 h6 14. Nf3 d5 15. exd5 Nxd5 16. Bg3 Bb7 17. c4 Nf6 18. dxc5 Bxc5 19. Qe2 Qe7 20. Rcd1 Rfd8 21. Bh4 Bxf3 22. Qxf3 Bd4 23. Rd2 Rac8 24. Rde2 a4 25. Bxf6 Qxf6 26. Qe4 g6 27. b3 Bc3 28. Rd1 Rd4 29. Qb7 Rcd8 30. Re3 Bd2 31. Rxd2 Rxd3 32. Rexd3 Qa1+ 33. Rd1 Qxd1+ 34. Rxd1 Rxd1# 0-1


[Site "https://www.chess.com"]

[Event "Titled Tuesday Blitz May 4 2021"]
[White "Wu, Christopher"]
[Black "Samadov, Read"]
[WhiteFideId "2040875"]
[BlackFideId "13417444"]
[WhiteElo "2606"]
[BlackElo "2084"]
[Result "0-1"]
[Round "10"]
[TimeControl "180+1"]
[Date "2021.05.04"]
[WhiteClock "0:00:16"]
[BlackClock "0:00:10"]

1. e4 c5 2. Nf3 d6 3. d4 cxd4 4. Nxd4 Nf6 5. Nc3 a6 6. h3 e6 7. g4 Be7 8. Bg2 Nfd7 9. O-O O-O 10. Be3 Nc6 11. Qe2 Nxd4 12. Bxd4 b5 13. Rad1 Bb7 14. f4 Rc8 15. a3 Qc7 16. Qf2 Qb8 17. Rd2 Qa8 18. g5 e5 19. Be3 exf4 20. Bxf4 Ne5 21. Bxe5 dxe5 22. Qg3 Bc5+ 23. Kh2 Bd4 24. Nd5 Bxd5 25. exd5 Qb8 26. c3 Bc5 27. Be4 Bd6 28. Qh4 g6 29. Rf3 a5 30. Rdf2 Qc7 31. Rf6 b4 32. cxb4 axb4 33. axb4 Rcd8 34. Qg3 Qc4 35. Qg4 Qxb4 36. h4 Bc5 37. Rf1 Rxd5 38. Qf3 Rd2+ 39. Kh3 Rd7 40. h5 Qd2 41. hxg6 hxg6 42. Bxg6 Qxg5 43. Bxf7+ Rdxf7 44. Rxf7 Qh6+ 45. Kg3 Qg6+ 46. Kh3 Rxf7 47. Qa8+ Kg7 48. Rxf7+ Qxf7 49. Qg2+ Qg6 50. Qd5 Qf5+ 51. Kg3 Bf2+ 52. Kg2 Bd4 53. Qb7+ Kf6 54. Qc6+ Kg5 55. b4 Qg4+ 56. Kh2 Qh4+ 57. Kg2 Qg4+ 58. Kh2 Kf4 59. b5 Qg3+ 0-1


[Site "https://www.chess.com"]

[Event "Titled Tuesday Blitz May 4 2021"]
[White "Yang, Kaiqi"]
[Black "Eynullayev, Atilla"]
[WhiteFideId "8604398"]
[BlackFideId "13413570"]
[WhiteElo "2373"]
[BlackElo "1997"]
[Result "1-0"]
[Round "10"]
[TimeControl "180+1"]
[Date "2021.05.04"]
[WhiteClock "0:00:21"]
[BlackClock "0:00:01"]

1. d4 Nf6 2. Nf3 e6 3. e3 b6 4. Bd3 Bb7 5. b3 d5 6. Bb2 g6 7. Nbd2 Bg7 8. Ne5 O-O 9. O-O Nfd7 10. f4 f6 11. Nef3 c5 12. c4 cxd4 13. Nxd4 Nc5 14. Be2 e5 15. N4f3 e4 16. Nd4 Qe7 17. cxd5 Bxd5 18. Bc4 Bxc4 19. Nxc4 Nd3 20. Ba3 Nc5 21. b4 Nd3 22. b5 Nc5 23. Rc1 Nbd7 24. Nc6 Qe6 25. f5 gxf5 26. Nd4 Qf7 27. Nxf5 Ne5 28. Nxe5 fxe5 29. Nh6+ Bxh6 30. Rxf7 Rxf7 31. Bxc5 bxc5 32. Qb3 Rf8 33. a4 Kg7 34. h3 Rd7 35. Kh2 1-0


[Site "https://www.chess.com"]

[Event "Titled Tuesday Blitz May 4 2021"]
[White "Yilmaz, Mustafa"]
[Black "Cunjalo, Faris"]
[WhiteFideId "6302718"]
[BlackFideId "14410710"]
[WhiteElo "2518"]
[BlackElo "2234"]
[Result "1/2-1/2"]
[Round "10"]
[TimeControl "180+1"]
[Date "2021.05.04"]
[WhiteClock "0:00:04"]
[BlackClock "0:00:05"]

1. d4 d5 2. c4 e6 3. Nc3 c6 4. Nf3 Nf6 5. e3 Nbd7 6. Qc2 Bd6 7. Be2 O-O 8. O-O dxc4 9. Bxc4 b5 10. Be2 Bb7 11. Rd1 Qb8 12. e4 e5 13. dxe5 Nxe5 14. g3 Re8 15. Bg5 Neg4 16. h3 Bxg3 17. hxg4 Nxg4 18. Be3 Nxe3 19. fxe3 Re6 20. Rd7 Rg6 21. Kf1 Qe8 22. Rxb7 Qc8 23. Bd3 Qxb7 24. e5 Rh6 25. Qg2 Bh4 26. Ne4 Be7 27. Ke2 Kh8 28. Rf1 Rf8 29. Qg4 c5 30. Neg5 Bxg5 31. Qxg5 c4 32. Bc2 Qd5 33. Rg1 Rg8 34. Rd1 Qe6 35. Qf4 Rf8 36. Rd6 Qh3 37. Rxh6 Qxh6 38. Qxh6 gxh6 39. Bf5 Kg7 40. Bd7 a6 41. Bc6 Rb8 42. Nd2 Rb6 43. Bd5 h5 44. a3 h4 45. Kf2 Rg6 46. Ne4 h3 47. Nf6 h2 48. Nh5+ Kf8 49. Ng3 Rg5 50. Kg2 Rxe5 51. e4 h5 52. Kxh2 Ke7 53. Nf5+ Kf6 54. Nd4 Rxd5 55. exd5 Ke5 56. Nc6+ Kd6 57. Nb4 a5 58. Nc6 a4 59. Na7 b4 60. axb4 Kxd5 61. Nb5 f5 62. Nc3+ Kd4 63. b5 Kc5 64. Kg3 Kb6 65. Nxa4+ Kxb5 66. Nc3+ Kb4 67. Nd1 Kb3 68. Ne3 Kxb2 69. Nxc4+ Kc3 70. Ne3 Kd4 71. Nxf5+ Ke5 72. Kh4 Kf6 73. Kxh5 1/2-1/2


[Site "https://www.chess.com"]

[Event "Titled Tuesday Blitz May 4 2021"]
[White "Zhou, Qiyu"]
[Black "Perez Rodriguez, Jennifer"]
[WhiteFideId "505161"]
[BlackFideId "3507831"]
[WhiteElo "1925"]
[BlackElo "2170"]
[Result "0-1"]
[Round "10"]
[TimeControl "180+1"]
[Date "2021.05.04"]
[WhiteClock "0:00:28"]
[BlackClock "0:01:29"]

1. e4 e5 2. Nf3 Nc6 3. Bb5 f5 4. Nc3 fxe4 5. Nxe4 Nf6 6. Nxf6+ Qxf6 7. O-O Be7 8. d3 d6 9. Bg5 Qf7 10. Bxe7 Qxe7 11. d4 O-O 12. dxe5 Nxe5 13. Nxe5 Qxe5 14. Bc4+ Kh8 15. c3 Bd7 16. Bd5 c6 17. Bf3 d5 18. Qd2 Rxf3 19. gxf3 Rf8 20. Rae1 Qh5 21. f4 Qg4+ 22. Kh1 Qf3+ 23. Kg1 Bh3 0-1


[Site "https://www.chess.com"]

[Event "Titled Tuesday Blitz May 4 2021"]
[White "Zhukov, Anton"]
[Black "Golubev, Mikhail"]
[WhiteFideId "34187534"]
[BlackFideId "14100983"]
[WhiteElo "2172"]
[BlackElo "2374"]
[Result "1/2-1/2"]
[Round "10"]
[TimeControl "180+1"]
[Date "2021.05.04"]
[WhiteClock "0:00:06"]
[BlackClock "0:00:06"]

1. d4 g6 2. c4 Bg7 3. e4 d6 4. Nc3 Nf6 5. Be2 O-O 6. Be3 Nc6 7. d5 Ne5 8. h3 e6 9. Nf3 Nxf3+ 10. Bxf3 e5 11. c5 Ne8 12. O-O f5 13. cxd6 Nxd6 14. Rc1 Bd7 15. Bc5 Bh6 16. Rc2 b6 17. Bxd6 cxd6 18. Qe2 Rc8 19. Qa6 Rc7 20. Be2 fxe4 21. Bc4 e3 22. Kh1 Qh4 23. Nd1 Bxh3 24. gxh3 Qxh3+ 25. Kg1 Qg4+ 26. Kh1 Qh3+ 27. Kg1 Rf5 28. fxe3 Bxe3+ 29. Nxe3 Qxe3+ 30. Kh1 Qh3+ 31. Rh2 Qg4 32. Rxf5 Qxf5 33. Bf1 Rc1 34. Kg1 Qg4+ 35. Rg2 Qd4+ 36. Kh1 Qf4 37. Kg1 e4 38. Qe2 e3 39. Rh2 Rc5 40. Rh3 Qg5+ 41. Kh1 Qxd5+ 42. Bg2 Rc1+ 43. Kh2 Qe5+ 44. Rg3 Rb1 45. Qxe3 Qxe3 46. Rxe3 Rxb2 47. Kg3 a5 48. Bd5+ Kg7 49. Re7+ Kf6 50. Rxh7 Ke5 51. Bb3 Kd4 52. Rd7 Kc5 53. Rc7+ Kb4 54. Rc4+ Kb5 55. Rd4 Kc5 56. Rc4+ Kb5 57. Rd4 Kc5 58. Rd5+ Kc6 59. Rg5 b5 60. Rxg6 a4 61. Bg8 b4 62. Rg4 Kc5 63. Rg5+ Kc6 64. Rg4 Kc5 65. Rg5+ Kc6 66. Bf7 b3 67. axb3 axb3 68. Rg4 Rc2 69. Rb4 Rc3+ 70. Kf2 d5 71. Ke2 Kc5 72. Rb8 Kd4 73. Kd2 Rc2+ 74. Kd1 Kc3 75. Rc8+ Kb2 76. Rb8 Rc1+ 77. Kd2 Rc4 78. Kd3 Rc3+ 79. Kd2 Rc2+ 80. Kd3 Rc3+ 81. Kd2 Rc2+ 82. Kd3 Rc3+ 1/2-1/2


[Site "https://www.chess.com"]

[Event "Titled Tuesday Blitz May 4 2021"]
[White "Zverev, Lev"]
[Black "Tristan, Leonardo"]
[WhiteFideId "24250775"]
[BlackFideId "113816"]
[WhiteElo "2107"]
[BlackElo "2404"]
[Result "1-0"]
[Round "10"]
[TimeControl "180+1"]
[Date "2021.05.04"]
[WhiteClock "0:00:52"]
[BlackClock "0:00:08"]

1. e4 d5 2. exd5 Qxd5 3. Nc3 Qa5 4. d4 Nf6 5. Nf3 Bf5 6. Bc4 e6 7. O-O Bb4 8. Bd2 Nc6 9. a3 Bxc3 10. Bxc3 Qb6 11. Re1 O-O 12. h3 Rad8 13. Qc1 Rd7 14. Qg5 h6 15. Qg3 Nd5 16. Bd2 Kh8 17. Bxd5 exd5 18. Bxh6 gxh6 19. Qf4 Ne7 20. Rxe7 Rxe7 21. Qxf5 Qe6 22. Qf4 Qg6 23. Ne5 Qg7 24. Ng4 Rg8 25. g3 Re4 26. Qxc7 h5 27. Ne3 Qxd4 28. Qxf7 Qe5 29. Nf5 Rf4 30. Qxh5# 1-0


[Site "https://www.chess.com"]

[Event "Titled Tuesday Blitz May 4 2021"]
[White "de Leon, Patricia"]
[Black "Haessel, Dale R."]
[WhiteFideId "3000273"]
[BlackFideId "2012618"]
[WhiteElo "1989"]
[BlackElo "2167"]
[Result "0-1"]
[Round "10"]
[TimeControl "180+1"]
[Date "2021.05.04"]
[WhiteClock "0:01:26"]
[BlackClock "0:01:43"]

1. d4 Nf6 2. c4 g6 3. Nc3 d5 4. Bf4 Bg7 5. Rc1 Nh5 6. Be5 Bxe5 7. dxe5 d4 8. Ne4 c5 9. Nxc5 Qa5+ 10. Qd2 Qxc5 11. Nf3 Nc6 12. g4 Bxg4 13. h3 Bxf3 14. exf3 Nxe5 15. Bg2 Nf4 16. O-O Ned3 17. Rc2 Qg5 0-1


[Site "https://www.chess.com"]

[Event "Titled Tuesday Blitz May 4 2021"]
[White "volunteers1998"]
[Black "Petrova, Irina"]
[BlackFideId "14124122"]
[WhiteElo "2237"]
[BlackElo "2022"]
[Result "1-0"]
[Round "10"]
[TimeControl "180+1"]
[Date "2021.05.04"]
[WhiteClock "0:00:24"]
[BlackClock "0:00:16"]

1. e4 d6 2. d4 Nf6 3. Nc3 e5 4. dxe5 dxe5 5. Qxd8+ Kxd8 6. Bg5 Be6 7. O-O-O Nd7 8. Nf3 Bd6 9. Bb5 Kc8 10. h3 a6 11. Bd3 b5 12. Rhe1 Bc5 13. Be3 Bxe3+ 14. Rxe3 c6 15. Ne2 Kc7 16. Nh4 a5 17. Nf5 g6 18. Nh6 Bxa2 19. b3 a4 20. Kb2 axb3 21. cxb3 Nc5 22. Nc1 Rhd8 23. Nxf7 Nxd3+ 24. Rexd3 Rxd3 25. Rxd3 Nxe4 26. Nxa2 Rf8 27. Nxe5 Rxf2+ 28. Kb1 Rxg2 29. Nb4 c5 30. Rd7+ Kc8 31. Na6 Nd2+ 32. Kc1 Nxb3+ 33. Kd1 c4 34. Rxh7 Rd2+ 35. Ke1 Rd5 36. Nc6 Rg5 37. Rc7# 1-0


[Site "https://www.chess.com"]

[Event "Titled Tuesday Blitz May 4 2021"]
[White "Abdusattorov, Nodirbek"]
[Black "Srihari L R"]
[WhiteFideId "14204118"]
[BlackFideId "46617116"]
[WhiteElo "2662"]
[BlackElo "2121"]
[Result "1-0"]
[Round "11"]
[TimeControl "180+1"]
[Date "2021.05.04"]
[WhiteClock "0:01:53"]
[BlackClock "0:00:11"]

1. d4 f5 2. g3 Nf6 3. Bg2 g6 4. Nc3 Bg7 5. e4 fxe4 6. Nxe4 O-O 7. Ne2 d5 8. Nxf6+ exf6 9. O-O c6 10. b3 Bg4 11. f3 Bf5 12. g4 Be6 13. Be3 Re8 14. Qd2 Nd7 15. Rae1 Bf7 16. h4 Qe7 17. Ng3 Qf8 18. f4 f5 19. gxf5 Nf6 20. fxg6 hxg6 21. f5 Qd6 22. Bf4 Qd7 23. Be5 Ng4 24. Bxg7 Kxg7 25. Qg5 Rxe1 26. Rxe1 Nf6 27. fxg6 Be6 28. h5 Ng4 29. h6+ Kg8 30. Nh5 Rf8 31. h7+ Kh8 32. g7+ Kxh7 33. gxf8=N+ Kh8 34. Nxd7 Bxd7 35. Qd8+ Kh7 36. Qxd7+ Kh6 37. Qxg4 c5 38. dxc5 b6 39. c6 d4 40. c7 1-0


[Site "https://www.chess.com"]

[Event "Titled Tuesday Blitz May 4 2021"]
[White "Acor, Corey"]
[Black "Ozkan, Ervin"]
[WhiteFideId "2024861"]
[BlackFideId "6306004"]
[WhiteElo "2759"]
[BlackElo "2226"]
[Result "1-0"]
[Round "11"]
[TimeControl "180+1"]
[Date "2021.05.04"]
[WhiteClock "0:01:17"]
[BlackClock "0:00:02"]

1. e4 e5 2. Nc3 Nf6 3. g3 d5 4. exd5 Nxd5 5. Bg2 Nxc3 6. bxc3 Nc6 7. Ne2 Be6 8. Rb1 Bd5 9. O-O Bxg2 10. Kxg2 b6 11. c4 Bc5 12. d3 O-O 13. f4 Re8 14. Nc3 Qd7 15. f5 f6 16. g4 Rad8 17. g5 e4 18. gxf6 gxf6 19. Nd5 Qf7 20. Bf4 e3 21. Re1 Rxd5 22. cxd5 Qxd5+ 23. Qf3 Qxf3+ 24. Kxf3 Nd4+ 25. Kg4 Nxc2 26. Re2 Nb4 27. d4 Nd5 28. dxc5 Re4 29. Rf1 h5+ 30. Kg3 bxc5 31. Rf3 c4 32. Bxe3 c3 33. Kf2 Rc4 34. Bc1 c2 35. a3 Nc3 36. Re6 Na2 37. Re1 Kf7 38. Rd3 1-0


[Site "https://www.chess.com"]

[Event "Titled Tuesday Blitz May 4 2021"]
[White "Aditya Mittal"]
[Black "Omk124"]
[WhiteFideId "35042025"]
[WhiteElo "2171"]
[BlackElo "2604"]
[Result "1-0"]
[Round "11"]
[TimeControl "180+1"]
[Date "2021.05.04"]
[WhiteClock "0:00:11"]
[BlackClock "0:00:19"]

1. d4 Nf6 2. c4 g6 3. Nc3 d5 4. cxd5 Nxd5 5. Bd2 Nb6 6. Nf3 Bg7 7. Qc1 Nc6 8. Bh6 O-O 9. Bxg7 Kxg7 10. Qd2 Bg4 11. d5 Bxf3 12. gxf3 Ne5 13. f4 Ned7 14. h4 Nf6 15. O-O-O e6 16. dxe6 Qxd2+ 17. Rxd2 fxe6 18. Bg2 c6 19. e3 Nfd5 20. Ne4 Rae8 21. h5 e5 22. Nd6 Re6 23. fxe5 Rxe5 24. Nxb7 gxh5 25. Nd6 Rf6 26. Ne4 Rg6 27. Bf3 Nf6 28. Ng3 Rc5+ 29. Kb1 Kh6 30. b3 Rcg5 31. Bxc6 Ng4 32. Be4 Rf6 33. f4 Rc5 34. Rc2 Rxc2 35. Rxh5+ Kg7 36. Rxh7+ Kg8 37. Kxc2 Nxe3+ 38. Kd3 Ned5 39. Rxa7 Nxf4+ 40. Ke3 Nfd5+ 41. Bxd5+ Nxd5+ 42. Kd4 Nb4 43. Ra8+ Kg7 44. Ne4 Rf4 45. Ke5 Rh4 46. Ra4 Nc6+ 47. Kd6 Rh6+ 48. Kc7 Ne5 49. Nd6 Rh2 50. Nc4 Rc2 51. Kd6 Nd3 52. Kd5 Nf4+ 53. Kc5 Ne6+ 54. Kb5 Nc7+ 55. Kb6 Nd5+ 56. Kc5 Nc3 57. Ra7+ Kf6 58. a4 Ne4+ 59. Kb4 Nc3 60. a5 Ke6 61. a6 Ne4 62. Rb7 Ra2 63. Na5 Nd6 64. Rb6 Kd7 65. Rxd6+ Kxd6 66. a7 1-0


[Site "https://www.chess.com"]

[Event "Titled Tuesday Blitz May 4 2021"]
[White "Alavi, Sayed Javad"]
[Black "Demchenko, Anton"]
[WhiteFideId "12500607"]
[BlackFideId "4160258"]
[WhiteElo "2495"]
[BlackElo "2593"]
[Result "0-1"]
[Round "11"]
[TimeControl "180+1"]
[Date "2021.05.04"]
[WhiteClock "0:00:01"]
[BlackClock "0:00:09"]

1. Nf3 Nf6 2. d4 g6 3. g3 Bg7 4. Bg2 O-O 5. O-O d6 6. c4 Nbd7 7. Nc3 e5 8. b3 Re8 9. Bb2 e4 10. Ng5 e3 11. fxe3 h6 12. Nge4 Ng4 13. Qd2 h5 14. h3 Nh6 15. Kh2 Nf8 16. Nf2 Nf5 17. Nfe4 Nh7 18. d5 Be5 19. Nb5 Bxb2 20. Qxb2 Nxe3 21. Rf4 f5 22. Nf2 Bd7 23. Nd4 Qf6 24. Qd2 g5 25. Rf3 Qe5 26. Rg1 h4 27. Bh1 Kh8 28. Nc2 Nxc2 29. Qxc2 Qxe2 30. Qc3+ Re5 31. gxh4 g4 32. hxg4 fxg4 33. Rf4 Rf8 34. Rxf8+ Nxf8 35. Rg2 Qf3 36. Qd4 Ng6 37. Nxg4 Bxg4 38. Qxg4 Qxg4 39. Rxg4 Ne7 40. Rf4 Kg7 41. Bg2 Ng6 42. Rg4 Kf6 43. Kg3 Re3+ 44. Bf3 Ne5 45. Rf4+ Kg6 46. Kf2 Rc3 47. Be4+ Kg7 48. Ke2 Rh3 49. Kd2 Rh2+ 50. Kc3 Rxa2 51. Rf1 Rh2 52. Rf4 a5 53. Kd4 b6 54. Kc3 Rh3+ 55. Kb2 Rg3 56. Kc2 Re3 57. Kb2 Re2+ 58. Kc3 Rh2 0-1


[Site "https://www.chess.com"]

[Event "Titled Tuesday Blitz May 4 2021"]
[White "Alavkin, Arseny"]
[Black "Sevian, Samuel"]
[WhiteFideId "4120612"]
[BlackFideId "2040506"]
[WhiteElo "2416"]
[BlackElo "2920"]
[Result "0-1"]
[Round "11"]
[TimeControl "180+1"]
[Date "2021.05.04"]
[WhiteClock "0:02:04"]
[BlackClock "0:01:01"]

1. c4 Nf6 2. Nc3 e6 3. e4 c5 4. Nf3 Nc6 5. g3 Bd6 6. Bg2 O-O 7. O-O Rb8 8. d4 cxd4 9. Nxd4 Be5 10. Be3 d6 11. Rc1 a6 12. h3 Re8 13. Nde2 b5 14. cxb5 axb5 15. f4 Bxc3 16. Rxc3 Na5 17. b3 Bb7 18. Qd3 b4 19. Rc2 e5 20. f5 d5 21. exd5 e4 22. Qd4 Nxd5 23. Rd2 Nxe3 24. Qxe3 Qf6 25. g4 Ba6 26. Rfd1 Bd3 27. Nf4 Qh6 28. Nd5 Qd6 29. Nf4 Qh6 30. Nd5 Qxe3+ 31. Nxe3 Nc6 32. Rxd3 exd3 33. Rxd3 Ne5 34. Rd4 Rbd8 35. Rxd8 Rxd8 36. Nd5 Nd3 37. Be4 Kf8 38. Kg2 Rxd5 39. Bxd5 Nf4+ 40. Kf3 Nxd5 41. Ke4 Nc3+ 42. Kd3 Nxa2 43. Kc2 Ke7 44. Kd3 Kf6 45. Ke4 Kg5 46. Kf3 Kh4 47. Kg2 f6 48. Kh2 g5 49. Kg2 Nc1 50. Kh2 Nxb3 51. Kg2 Nc5 52. Kh2 Nd7 53. Kg2 Nf8 54. Kh2 h6 55. Kg2 Nd7 56. Kh2 b3 57. Kg2 b2 58. Kh2 b1=Q 59. Kg2 Qc2+ 60. Kf1 Kg3 61. Ke1 Kf3 62. h4 Qe2# 0-1


[Site "https://www.chess.com"]

[Event "Titled Tuesday Blitz May 4 2021"]
[White "AldokhinIvan"]
[Black "Rojas Alarcon, Julian Antonio"]
[BlackFideId "5107407"]
[WhiteElo "2555"]
[BlackElo "2333"]
[Result "1-0"]
[Round "11"]
[TimeControl "180+1"]
[Date "2021.05.04"]
[WhiteClock "0:00:17"]
[BlackClock "0:00:33"]

1. e4 c5 2. Nf3 d6 3. d4 cxd4 4. Nxd4 Nf6 5. Nc3 g6 6. Bc4 Bg7 7. Bb3 Nc6 8. h3 Bd7 9. Be3 a6 10. O-O O-O 11. f4 Rc8 12. Nf3 Be6 13. Qe1 Na5 14. Qh4 Rxc3 15. bxc3 Nxe4 16. Bd4 Nxb3 17. cxb3 Nxc3 18. Bxg7 Kxg7 19. Ng5 h6 20. Nxe6+ fxe6 21. Rae1 Rf6 22. Qg4 Nd5 23. Rxe6 h5 24. Qe2 Rf7 25. f5 gxf5 26. Qxh5 Nf6 27. Qg5+ Kf8 28. Rxf5 Qc7 29. Qh6+ Ke8 30. Rfxf6 Qc5+ 31. Kh2 Rxf6 32. Qxf6 1-0


[Site "https://www.chess.com"]

[Event "Titled Tuesday Blitz May 4 2021"]
[White "Aliavdin, Nikolai"]
[Black "Shuvalov, Evgenij"]
[WhiteFideId "13502883"]
[BlackFideId "4187237"]
[WhiteElo "2268"]
[BlackElo "2163"]
[Result "1-0"]
[Round "11"]
[TimeControl "180+1"]
[Date "2021.05.04"]
[WhiteClock "0:01:20"]
[BlackClock "0:00:35"]

1. e4 e6 2. d3 d5 3. Nd2 c5 4. Ngf3 Nc6 5. Be2 Bd6 6. c3 Nge7 7. O-O O-O 8. Re1 b6 9. exd5 exd5 10. Nb3 Bf5 11. Bg5 Qc7 12. Bh4 Rfe8 13. Bg3 Bxg3 14. hxg3 Rad8 15. d4 c4 16. Nbd2 b5 17. Nh4 Be6 18. Bg4 Bxg4 19. Qxg4 b4 20. Ndf3 bxc3 21. bxc3 Qa5 22. Re3 Rf8 23. a4 Rd6 24. Rae1 Ng6 25. Nf5 Rdd8 26. Ng5 h6 27. Nxf7 Kxf7 28. Re6 Nce5 29. R1xe5 Nxe5 30. Re7+ Kf6 31. Qxg7+ Kxf5 32. Rxe5# 1-0


[Site "https://www.chess.com"]

[Event "Titled Tuesday Blitz May 4 2021"]
[White "Alvarez Fernandez, Enrique"]
[Black "Lauridsen, Jesper Morch"]
[WhiteFideId "2227398"]
[BlackFideId "1401890"]
[WhiteElo "2316"]
[BlackElo "2289"]
[Result "0-1"]
[Round "11"]
[TimeControl "180+1"]
[Date "2021.05.04"]
[WhiteClock "0:01:04"]
[BlackClock "0:00:47"]

1. e4 e5 2. Nf3 Nf6 3. d4 Nxe4 4. Nxe5 Nc6 5. Nf3 d5 6. Bd3 Bg4 7. c3 Bd6 8. h3 Bh5 9. Nbd2 O-O 10. O-O f5 11. Qb3 Kh8 12. Kh1 Nxd2 13. Nxd2 Qh4 14. Qxd5 Rae8 15. Nf3 Qd8 16. Bg5 Qc8 17. Rae1 Rxe1 18. Rxe1 h6 19. Bd2 Ne7 20. Qb3 Bxf3 21. gxf3 Qe8 22. f4 Qh5 23. Kg2 Rf6 24. Be2 Rg6+ 25. Kh2 Qh4 26. Rf1 Bxf4+ 27. Bxf4 Qxf4+ 28. Kh1 Qe4+ 29. f3 Qxe2 30. Rg1 Qxf3+ 31. Kh2 Qf2+ 32. Kh1 Qxg1# 0-1


[Site "https://www.chess.com"]

[Event "Titled Tuesday Blitz May 4 2021"]
[White "Ambrogi, Agustin"]
[Black "Amarasinghe, A A C B"]
[WhiteFideId "170933"]
[BlackFideId "9901809"]
[WhiteElo "2214"]
[BlackElo "1778"]
[Result "1-0"]
[Round "11"]
[TimeControl "180+1"]
[Date "2021.05.04"]
[WhiteClock "0:01:13"]
[BlackClock "0:02:00"]

1. e4 c5 2. d4 cxd4 3. c3 g6 4. Nf3 d5 5. Qxd4 Nf6 6. exd5 Qxd5 7. Bc4 Qxd4 8. Nxd4 a6 9. O-O Bd7 10. Be2 Nc6 11. Nxc6 Bxc6 12. Bg5 Bg7 13. Nd2 h6 14. Bxf6 Bxf6 15. Bf3 Bxf3 16. Nxf3 O-O-O 17. Rfd1 Rxd1+ 18. Rxd1 Rd8 19. Rxd8+ Kxd8 20. Kf1 Kd7 21. Ke2 Kd6 22. Kd3 Kd5 23. c4+ Kc5 24. b3 Kb4 25. Kc2 a5 26. Ne1 Ka3 27. Kb1 a4 28. Nc2# 1-0


[Site "https://www.chess.com"]

[Event "Titled Tuesday Blitz May 4 2021"]
[White "Antonio, Jorge Carlos"]
[Black "Kett, Tim"]
[WhiteFideId "113190"]
[BlackFideId "1801210"]
[WhiteElo "2247"]
[BlackElo "2098"]
[Result "0-1"]
[Round "11"]
[TimeControl "180+1"]
[Date "2021.05.04"]
[WhiteClock "0:01:05"]
[BlackClock "0:00:39"]

1. d4 f5 2. g3 Nf6 3. Bg2 e6 4. Nh3 Be7 5. O-O O-O 6. c4 d6 7. Nc3 e5 8. dxe5 dxe5 9. Qxd8 Bxd8 10. Bg5 c6 11. Rfd1 Be6 12. b3 Na6 13. a3 h6 14. Be3 Bb6 15. Bxb6 axb6 16. Rd6 Kf7 17. e4 fxe4 18. Nxe4 Nxe4 19. Rxe6 Kxe6 20. Bxe4 Nc5 21. Bc2 Rad8 22. f4 Rd2 23. Bg6 Rfd8 24. f5+ Kf6 25. Nf2 e4 26. b4 Nb3 27. Nxe4+ Ke5 28. Nxd2 Nxa1 29. Nf3+ Ke4 30. Kf2 Kd3 31. Ne5+ Kc3 32. Ng4 Nc2 33. Bf7 Nxa3 34. f6 gxf6 35. Nxh6 Nxc4 36. h4 Kxb4 37. Ng4 Kc3 38. h5 b5 39. h6 b4 40. h7 Rh8 41. Bg6 Ne5 42. Bf5 Nxg4+ 43. Bxg4 Rxh7 0-1


[Site "https://www.chess.com"]